 Dungeon Crawl Stone Soup version 0.18.1-6-gd335043 (webtiles) character file.

77 inmateoo the Ruffian (level 4, 0/55 HPs)
             Began as a Draconian Transmuter on May 15, 2016.
             Succumbed to an adder's poison
             ... on level 2 of the Dungeon.
             The game lasted 00:02:07 (1126 turns).

inmateoo the Ruffian (Draconian Transmuter)         Turns: 1126, Time: 00:02:07

Health: 0/55       AC: 22    Str: 12 (13) XL:     4   Next: 14%
Magic:  7/7        EV:  2    Int: 13 (14) God:
Gold:   118        SH:  0    Dex: 10 (11) Spells: 1 memorised, 6 levels left

rFire  . . .     SeeInvis .       - Unarmed
rCold  . . .     Gourm    +     (armour unavailable)
rNeg   + + +     Faith    .     (no shield)
rPois  +         Spirit   .     (helmet currently unavailable)
rElec  .         Dismiss  .     (cloak currently unavailable)
rCorr  .         Reflect  .     (gloves currently unavailable)
SustAt .         Harm     .     (boots currently unavailable)
MR     .....     NoTele   +     i - amulet of the gourmand
Stlth  +.........               (no ring)
                                (no ring)

@: lethally poisoned (0 -> -10), tree-form, not resistant to hostile
enchantments, very unstealthy
A: unfitting armour, (cold-blooded), AC +5
a: no special abilities


You were on level 2 of the Dungeon.
You were very full.
You were a tree.
You visited 1 branch of the dungeon, and saw 2 of its levels.

You collected 118 gold pieces.

Inventory:

Missiles
 a - 28 arrows
Armour
 d - a +0 pair of gloves (melded)
Jewellery
 i - an amulet of the gourmand (around neck)
Scrolls
 e - 3 scrolls of identify {unknown}
 f - a scroll of immolation {unknown}
 j - a scroll of enchant weapon {unknown}
Potions
 g - a potion of flight
Books
 b - a book of Changes

   Spells                             Type                      Level
   a - Beastly Appendage              Transmutation                1
   b - Sticks to Snakes               Transmutation                2
   c - Spider Form                    Transmutation/Poison         3
   d - Ice Form                       Ice/Transmutation            4
   e - Blade Hands                    Transmutation                5
Comestibles
 c - 4 bread rations
 h - a slice of pizza
 k - 2 meat rations
 m - 2 chunks of flesh
 o - 4 fruits


   Skills:
 + Level 2.3 Fighting
 + Level 2.6 Dodging
 * Level 4.0 Unarmed Combat
 - Level 2.0 Spellcasting
 - Level 2.0 Transmutations


You had 6 spell levels left.
You knew the following spells:

 Your Spells              Type           Power        Failure   Level  Hunger
a - Beastly Appendage     Trmt           #.....       12%         1    ##.....


Dungeon Overview and Level Annotations

Branches:
Dungeon (2/15)

Altars:
Gozag


Innate Abilities, Weirdness & Mutations

((Your plain brown scales are hard (AC +5).))
Your body does not fit into most forms of armour.
((You are cold-blooded and may be slowed by cold attacks.))


Message History

* * * LOW HITPOINT WARNING * * *
You are more poisoned.
The adder poisons you!
Drink which item? (? for menu, Esc to quit)
It was a potion of degeneration.
There was something very wrong with that liquid.
You feel weakened.
You feel dopey.
You feel clumsy.
* * * LOW HITPOINT WARNING * * *
You feel sick. The adder bites you but does no damage.
Unknown command.
Drink which item? (? for menu, Esc to quit)
It was a potion of lignification.
You turn into a tree.
Your +0 pair of gloves melds into your body.
Your roots penetrate the ground.
* * * LOW HITPOINT WARNING * * *
You feel sick. The adder bites you but does no damage.
Unknown command.
You hit the adder.
The adder is moderately wounded.
You die...

##..........#
#.)#....#.#.# ## ##
#.###.......# ###. ... #.
##....#.#####. .##.#. #
#.............##...#.
#...#........##...###.
#.#.#........##.##....
#.#.##.....## #.##....
... #.#♣....## #.##....
._..#.S.###..# ..##....
.........## #.###.##..##.
###.##....###.....##.###.
#. ##.†.......###..####
#..##..#...........
#.....##.....#####.
...#.######.†### ##
.##....### #...†#


You could see an adder.

Vanquished Creatures
  2 adders (D:2)
  2 worms (D:2)
  A dart slug (D:2)
  A giant gecko (D:2)
  A ball python (D:2)
  A giant cockroach (D:1)
  A goblin (D:1)
  6 hobgoblins
  7 jackals
  9 bats
  4 giant newts
  10 kobolds
  7 rats
52 creatures vanquished.

Notes
Turn   | Place    | Note
--------------------------------------------------------------
     0 | D:1      | inmateoo the Draconian Transmuter began the quest for the Orb.
     0 | D:1      | Reached XP level 1. HP: 16/16 MP: 3/3
   114 | D:1      | Reached XP level 2. HP: 19/23 MP: 5/5
   570 | D:2      | Reached XP level 3. HP: 17/29 MP: 6/6
  1050 | D:2      | Reached XP level 4. HP: 24/37 MP: 7/7
  1051 | D:2      | Reached skill level 4 in Unarmed Combat
  1087 | D:2      | Found an opulent altar of Gozag.
  1124 | D:2      | HP: 1/37 [poisoned by an adder]
  1126 | D:2      | Succumbed to an adder's poison

Skill      XL: |  1  2  3  4 |
---------------+-------------+-----
Dodging        | 2 |  2.6
Fighting       | 2 |  2.3
Unarmed Combat | 4 |  4.0
Spellcasting   | |  2.0
Transmutations | |  2.0

Action                   |  1- 3 |  4- 6 || total
-------------------------+-------+-------++-------
Melee: Unarmed           |   169 |    42 ||   211
       Tailslap          |    15 |     1 ||    16
       Punch             |     1 |       ||     1
  Use: Potion            |       |     3 ||     3
  Eat: Chunk             |    14 |       ||    14
Armor: Skin              |    48 |    17 ||    65
Dodge: Dodged            |   110 |    29 ||   139
